 Dungeon Crawl Stone Soup version 0.18-a0-1197-g8004e50 (webtiles) character file.

13795 krabocopter the Cleaver (level 12, -5/81 HPs)
             Began as a Formicid Fighter on Jan 30, 2016.
             Was a High Priest of Okawaru.
             Slain by a seven-headed hydra (11 damage)
             ... on level 13 of the Dungeon.
             The game lasted 00:37:26 (8808 turns).

krabocopter the Cleaver (Formicid Fighter)          Turns: 8808, Time: 00:37:26

Health: -5/81      AC: 10    Str: 27    XL:     12   Next: 37%
Magic:  12/12      EV: 16    Int: 10    God:    Okawaru [*****.]
Gold:   364        SH: 16    Dex: 12    Spells: 0 memorised, 11 levels left

rFire  . . .     SeeInvis +     M - +3 scimitar (flame)
rCold  . . .     Gourm    .     y - +0 troll leather armour {Purgy}
rNeg   + . .     Faith    .     c - +0 shield
rPois  .         Spirit   .     (helmet unavailable)
rElec  .         Dismiss  .     o - +2 cloak
rCorr  .         Reflect  +     p - +0 pair of gloves
SustAt +         Harm     .     w - +0 pair of boots
MR     +....                    l - +3 amulet of reflection
Stlth  +.........               L - ring of sustain attributes
                                v - ring of positive energy

@: mighty, lethally poisoned (-5 -> -5), somewhat resistant to hostile
enchantments, very unstealthy
A: permanent stasis, dig shafts and tunnels, four strong arms, antennae 3
a: Dig, Shaft Self, Heroism, Finesse, Renounce Religion


You were on level 13 of the Dungeon.
You worshipped Okawaru.
Okawaru was extremely pleased with you.
You were not hungry.

You visited 2 branches of the dungeon, and saw 12 of its levels.
You also visited: Sewer.

You collected 439 gold pieces.
You spent 75 gold pieces at shops.

Inventory:

Hand Weapons
 C - a +2 war axe of freezing
 M - a +3 scimitar of flaming (weapon)
Armour
 c - a +0 shield (worn)
 o - a +2 cloak (worn)
 p - a +0 pair of gloves (worn)
 w - a +0 pair of boots (worn)
 y - a +0 troll leather armour (worn) {Purgy}
 I - the +1 leather armour of the Dropbear {rN+}
   (You found it on level 8 of the Dungeon)

   It protects you from negative energy.
Jewellery
 l - a +3 amulet of reflection (around neck)
 s - an uncursed amulet of the gourmand
 v - a ring of positive energy (left hand)
 D - a +2 ring of evasion
 L - a ring of sustain attributes (right hand)
Wands
 e - a wand of flame (27/48)
 G - a wand of polymorph (11/24)
 K - a wand of flame (28/48)
 N - a wand of enslavement (13/24)
Scrolls
 b - a scroll of fog {unknown}
 i - 5 scrolls of identify
 n - a scroll of random uselessness
 z - a scroll of fear {unknown}
 B - 5 scrolls of teleportation {unknown}
 E - 4 scrolls of remove curse
 F - 2 scrolls of recharging
 Q - a scroll of enchant armour
Potions
 a - a potion of haste {unknown}
 g - a potion of ambrosia {unknown}
 j - 5 potions of flight
 k - a potion of curing
 t - 3 potions of agility
 u - 2 potions of mutation {unknown}
 x - a potion of cancellation
 A - 2 potions of heal wounds {unknown}
 P - a potion of cure mutation {unknown}
Books
 O - a book of Geomancy

   Spells                             Type                      Level
   a - Sandblast                      Earth                        1
   b - Stoneskin                      Transmutation/Earth          2
   c - Passwall                       Transmutation/Earth          3
   d - Stone Arrow                    Conjuration/Earth            3
   e - Petrify                        Transmutation/Earth          4
   f - Lee's Rapid Deconstruction     Earth                        5
Comestibles
 f - 7 bread rations
 h - a royal jelly
 m - 10 slices of pizza
 q - 9 chunks of flesh
 r - 4 meat rations
 J - 15 fruits


   Skills:
 - Level 3.2 Fighting
 + Level 8.8 Long Blades
 - Level 11.1 Axes
 - Level 3.2 Armour
 - Level 9.0 Dodging
 - Level 10.9 Shields


You had 11 spell levels left.
You didn't know any spells.

Dungeon Overview and Level Annotations

Branches:
Dungeon (10/15)            Temple (1/1) D:4            Lair (0/8) D:8
    Orc: D:9-12

Altars:
Ashenzari
Cheibriados
Dithmenos
Elyvilon
Fedhas
Gozag
Kikubaaqudgha
Makhleb
Nemelex Xobeh
Okawaru
Pakellas
Qazlal
Ru
Sif Muna
Trog
Xom
Yredelemnul
The Shining One

Shops:
D:3 }   D:7 !

Annotations:
D:5 Duffy's ghost, novice DrTm


Innate Abilities, Weirdness & Mutations

You are under a permanent stasis effect.
You can dig through walls and to a lower floor.
Your four strong arms can wield two-handed weapons with a shield.
You have a pair of large antennae on your head (SInv).


Message History

You slash the manticore! You freeze the manticore.
You kill the manticore!
Okawaru accepts your kill.
You completely miss the killer bee.
The killer bee is severely wounded.
You feel sick. You block the killer bee's attack.
The killer bee completely misses you.
Wield which item (- for none, * to show all)? (? for menu, Esc to quit)
Your +2 war axe of freezing stops glowing.
It bursts into flame!
M - a +3 scimitar of flaming (weapon)
You feel sick. The killer bee closely misses you.
The seven-headed hydra bites you but does no damage.
You block the seven-headed hydra's attack.
The seven-headed hydra bites you!
* * * LOW HITPOINT WARNING * * *
The seven-headed hydra completely misses you.
The seven-headed hydra closely misses you.
The seven-headed hydra bites you!
You die...

#. #########.
#......≈≈
#......≈#
##....$..+
+.......≈#+#≈
..##..†y†.≈≈.≈≈
......D@.......
.<..#######....
. .


You could see a seven-headed hydra and a killer bee.

Vanquished Creatures
  Gastronok (D:8)
  Kirke (D:13)
  The ghost of ThermosAquaticus the Basher, a journeyman DDFi of Pakellas (D:10)
  A hydra (D:8)
  Erica (D:9)
  Pikel (D:9)
  A manticore (D:13)
  2 trolls
  A two-headed ogre (D:10)
  2 yaks (D:8)
  4 hogs (D:13)
  A steam dragon (D:9)
  3 hungry ghosts
  2 hippogriffs
  Purgy (Sewer)
  4 orc warriors
  2 sky beasts
  2 ice beasts
  A black bear (D:9)
  A slave (D:9)
  A necrophage (D:10)
  5 phantoms
  3 ogres
  2 centaurs
  A crocodile (D:8)
  4 giant frogs
  5 big kobolds
  2 scorpions
  19 killer bees
  5 wights (D:10)
  A vampire bat (D:4)
  2 jellies
  7 crimson imps
  A giant frog zombie (D:10)
  2 centaur zombies (D:8)
  3 centaur skeletons
  3 hounds
  4 orc priests
  8 worker ants
  3 iguanas
  7 orc wizards
  2 sheep (D:8)
  A hound skeleton (D:6)
  10 adders
  4 gnolls
  3 river rats (D:8)
  3 shadow imps
  3 oozes
  3 adder skeletons
  3 worms
  3 fire bats (D:4)
  4 giant geckos
  13 orcs
  2 spectral bats (D:4)
  3 ball pythons
  26 bats
  3 bat skeletons (D:4)
  A bat zombie (D:4)
  9 giant cockroaches
  8 goblins
  10 hobgoblins
  9 jackals
  2 quokkas
  A bat simulacrum (D:4)
  9 giant newts
  18 kobolds
  3 quokka skeletons
  A quokka zombie (D:9)
  13 rats
  A fungus (D:8)
  A plant (D:8)
293 creatures vanquished.

Vanquished Creatures (others)
  An adder skeleton (D:9)
  A fungus (D:8)
2 creatures vanquished.

Grand Total: 295 creatures vanquished

Notes
Turn   | Place    | Note
--------------------------------------------------------------
     0 | D:1      | krabocopter the Formicid Fighter began the quest for the Orb.
     0 | D:1      | Reached XP level 1. HP: 18/18 MP: 1/1
   114 | D:1      | Reached XP level 2. HP: 13/24 MP: 2/2
   766 | D:1      | Reached XP level 3. HP: 27/29 MP: 3/3
  1524 | D:2      | Reached skill level 4 in Axes
  1524 | D:2      | Reached XP level 4. HP: 28/35 MP: 4/4
  2108 | D:2      | Reached XP level 5. HP: 41/41 MP: 5/5
  2193 | D:2      | Found an oddly glowing altar of Pakellas.
  2193 | D:2      | Found a sacrificial altar of Ru.
  2193 | D:2      | Found a sparkling altar of Nemelex Xobeh.
  2193 | D:2      | Found an opulent altar of Gozag.
  2200 | D:2      | Found a blossoming altar of Fedhas.
  2200 | D:2      | Found a shimmering altar of Xom.
  2325 | D:2      | Found a shadowy altar of Dithmenos.
  2383 | D:2      | Reached skill level 5 in Axes
  3030 | D:3      | Found an oddly glowing altar of Pakellas.
  3030 | D:3      | Found Pakellas's Prime Provisions.
  3151 | D:4      | Found a glowing drain.
  3183 | Sewer    | Entered a sewer
  3198 | Sewer    | Noticed Purgy
  3211 | Sewer    | Killed Purgy
  3211 | Sewer    | Reached skill level 6 in Axes
  3211 | Sewer    | Reached XP level 6. HP: 30/47 MP: 6/6
  3453 | D:4      | Found a glowing golden altar of the Shining One.
  3603 | D:4      | Found a staircase to the Ecumenical Temple.
  3683 | D:4      | Reached XP level 7. HP: 52/52 MP: 7/7
  3692 | D:4      | Reached skill level 7 in Axes
  3895 | Temple   | Entered the Ecumenical Temple
  4138 | D:4      | Found a stormy altar of Qazlal.
  4141 | D:4      | Reached skill level 8 in Axes
  4308 | D:5      | Entered Level 5 of the Dungeon
  4323 | D:5      | Found a bloodstained altar of Trog.
  4346 | D:5      | Noticed Duffy's ghost (novice DrTm)
  4404 | D:6      | Reached XP level 8. HP: 55/58 MP: 8/8
  4486 | D:6      | Reached skill level 9 in Axes
  4689 | D:6      | Reached skill level 10 in Axes
  4844 | D:6      | Reached skill level 1 in Dodging
  4867 | D:6      | Reached XP level 9. HP: 64/64 MP: 9/9
  5215 | D:6      | Reached skill level 5 in Shields
  5764 | D:7      | Reached skill level 5 in Dodging
  5764 | D:7      | Reached XP level 10. HP: 18/70 MP: 10/10
  6088 | D:7      | Found a white marble altar of Elyvilon.
  6102 | D:7      | Found Plog's Distillery.
  6108 | D:7      | Bought a potion of poison for 15 gold pieces
  6108 | D:7      | Bought a potion of agility for 60 gold pieces
  6381 | D:7      | Found a burning altar of Makhleb.
  6752 | D:8      | Found a staircase to the Lair.
  6912 | D:8      | Found an iron altar of Okawaru.
  6926 | D:8      | Became a worshipper of Warmaster Okawaru
  7116 | D:8      | Noticed Gastronok
  7128 | D:8      | Killed Gastronok
  7128 | D:8      | Reached * piety under Okawaru
  7128 | D:8      | Reached skill level 10 in Shields
  7128 | D:8      | Reached XP level 11. HP: 28/75 MP: 11/11
  7240 | D:8      | Got a brightly glowing leather armour
  7241 | D:8      | Identified the +1 leather armour of the Dropbear {rN+} (You found it on level 8 of the Dungeon)
  7364 | D:8      | Found a shadowy altar of Dithmenos.
  7364 | D:8      | Found a shattered altar of Ashenzari.
  7441 | D:8      | Reached ** piety under Okawaru
  7478 | D:8      | Noticed a three-headed hydra
  7500 | D:8      | Killed a three-headed hydra
  7721 | D:9      | Noticed Erica
  7729 | D:9      | Killed Erica
  7729 | D:9      | Reached skill level 11 in Axes
  7826 | D:9      | Noticed Pikel
  7852 | D:9      | Killed Pikel
  7852 | D:9      | Reached *** piety under Okawaru
  8249 | D:10     | Entered Level 10 of the Dungeon
  8514 | D:10     | Noticed ThermosAquaticus's ghost (journeyman DDFi)
  8561 | D:10     | Killed ThermosAquaticus's ghost
  8561 | D:10     | Reached **** piety under Okawaru
  8561 | D:10     | Reached skill level 5 in Long Blades
  8651 | D:10     | Reached XP level 12. HP: 81/81 MP: 12/12
  8780 | D:10     | You fall through a shaft for 3 floors!
  8780 | D:13     | Noticed Kirke
  8797 | D:13     | Killed Kirke
  8797 | D:13     | Reached ***** piety under Okawaru
  8799 | D:13     | Received a gift from Okawaru
  8803 | D:13     | Noticed a seven-headed hydra
  8808 | D:13     | Slain by a seven-headed hydra

Vault maps used:
D:1:      nicolae_arrival_washed_ashore
D:2:      minmay_overflow_temple_hex, nicolae_dithmenos_through_a_glass_darkly
D:3:      first_bread, johnstein_pakellas_shop
D:4:      grunt_qazlal_clouds, tso_metal_star, minmay_temple_entry_statues,
          portal_sewer_entry_f, goddamned_bats
D:5:      kennysheep_mini, overflow_temple_1_default, lemuel_crystal_altar
D:6:      kennysheep_windowed_halls, roderic_lattice_a
D:7:      elyvilon_altar_4, serial_shops, nicolae_shop_crystal, bloody_makhleb
D:8:      old_standard_altar, gammafunk_temple_overflow_elements,
          grunt_lair_entry_orc_guard_hut, hangedman_ranch, uniq_gastronok
D:9:      kennysheep_generic_room_7, uniq_pikel, uniq_erica
D:13:     david_vaults_4, serial_shops, kennysheep_mini_moat, shop,
          abandoned_shop, nicolae_blasting_shop, uniq_kirke
Temple:   nicolae_temple_hex_pool_5
Sewer:    sewer_co_purgy_island

Action                   |  1- 3 |  4- 6 |  7- 9 | 10-12 || total
-------------------------+-------+-------+-------+-------++-------
Melee: War axe           |   126 |   227 |   330 |   479 ||  1162
       Spear             |       |       |       |    28 ||    28
       Scimitar          |       |       |       |    25 ||    25
Invok: Heroism           |       |       |       |     3 ||     3
  Use: Potion            |       |     3 |     1 |     3 ||     7
       Scroll            |       |     7 |       |     2 ||     9
  Eat: Chunk             |     2 |     7 |     9 |     9 ||    27
       Meat ration       |       |       |       |     1 ||     1
       Beef jerky        |       |       |       |     1 ||     1
